 Dungeon Crawl Stone Soup version 0.31-a0-846-gb3bcc0d938 (webtiles) character file.

Game seed: 4928997207376941463

1836798 Flugkiller the Impregnable (level 24, 230/230 HPs)
             Began as an Armataur Hunter on Oct 3, 2023.
             Was an Elder of Okawaru.
             Escaped with the Orb
             ... and 3 runes on Oct 4, 2023!
             The game lasted 01:33:00 (54723 turns).

Flugkiller the Impregnable (Armataur Hunter)       Turns: 54723, Time: 01:33:01

Health: 230/230    AC: 47    Str: 37      XL:     24   Next: 99%
Magic:  33/33      EV: 12    Int: 19      God:    Okawaru [****..]
Gold:   1892       SH: 16    Dex: 16 (17) Spells: 23/23 levels left

rFire   + . .        c - +7 broad axe of Tumult {heavy, Str+4 Int+3}
rCold   + + +        y - +0 kite shield {AC+3}
rNeg    + + .        Z - +4 chain mail of Death Resistance {rC+ rN+ Regen+}
rPois   +            K - +0 helmet of the Sun {rC+ Will+ Int+3 Stlth-}
rElec   +            o - +2 cloak {Will+}
rCorr   +            r - +2 pair of gloves {Str+3}
SInv    +            C - +6 lightning scales {swift, rElec}
Will    +++..        A - amulet of regeneration Stlth
                     b - ring "Feuck" {rF+ rN+ Str+6 Int+2}
HPRegen 2.18/turn    P - ring of Hutim {rElec rPois rC+ rCorr SInv}
MPRegen 0.23/turn

%: roll
@: studying Throwing, quick
A: large, rugged brown scales 3, deformed body, armoured tail, roll, long
tongue, awkward tongue, stinger 1, deterioration 1, frail 1, poison resistance,
devolution 1
0: Orb of Zot
}: 3/15 runes: decaying, silver, gossamer
a: Renounce Religion, Heroism, Finesse


You escaped.
You worshipped Okawaru.
Okawaru was greatly pleased with you.
You visited 9 branches of the dungeon, and saw 45 of its levels.
You visited 1 bazaar.
You also visited: Sewer.

You collected 8203 gold pieces.
You spent 6311 gold pieces at shops.

Inventory:

Hand Weapons
 c - the +7 broad axe of Tumult (weapon) {heavy, Str+4 Int+3}
   (You took it off a yaktaur captain on level 5 of the Vaults)

   Str+4:     It affects your strength (+4).
   Int+3:     It affects your intelligence (+3).
 e - a +4 broad axe of flaming
   (Okawaru gifted it to you on level 4 of the Lair of Beasts)
Missiles
 a - 33 silver javelins
 k - 13 javelins
 G - 4 throwing nets
 Y - 12 curare-tipped darts (quivered)
Armour
 i - the +4 dragonskin cloak
   (You took it off Tiamat on level 1 of the Realm of Zot)

   Avatar's Aegis: It grants the wearer a chance to resist fire, cold, poison,
   electricity, acid, and negative energy.
 o - a +2 cloak of willpower (worn)
   (You took it off Nikola on level 1 of the Vaults)
 r - a +2 pair of gloves of strength (worn)
   (You found it on level 4 of the Spider Nest)
 y - a +0 kite shield of protection (worn)
   (You took it off a tengu warrior on level 1 of the Depths)
 C - the +6 lightning scales (worn) {swift, rElec}
   (You bought it in a shop on level 3 of the Depths)

   Swift:     It allows the wearer to cover ground more swiftly.
   rElec:     It insulates you from electricity.
 K - the +0 helmet of the Sun (worn) {rC+ Will+ Int+3 Stlth-}
   (You found it on level 8 of the Dungeon)

   Int+3:     It affects your intelligence (+3).
   rC+:       It protects you from cold.
   Will+:     It increases your willpower.
   Stlth-:    It makes you less stealthy.
 O - the +1 cloak "Cijytanu" {rF+}
   (You found it on level 1 of the Spider Nest)

   rF+:       It protects you from fire.
 Z - the +4 chain mail of Death Resistance (worn) {rC+ rN+ Regen+}
   (You found it on level 2 of the Depths)

   rC+:       It protects you from cold.
   rN+:       It protects you from negative energy.
   Regen+:    It increases your rate of health regeneration.
Jewellery
 b - the ring "Feuck" (left hand) {rF+ rN+ Str+6 Int+2}
   (You took it off a tengu reaver on level 3 of the Depths)

   [ring of strength]

   Str+6:     It affects your strength (+6).
   Int+2:     It affects your intelligence (+2).
   rF+:       It protects you from fire.
   rN+:       It protects you from negative energy.
 v - a +5 ring of evasion
   (You bought it in a shop on level 13 of the Dungeon)
 A - an amulet of regeneration (around neck)
   (You found it on level 5 of the Dungeon)
 P - the ring of Hutim (right hand) {rElec rPois rC+ rCorr SInv}
   (You bought it in a shop on level 2 of the Dungeon)

   [ring of poison resistance]

   rC+:       It protects you from cold.
   rElec:     It insulates you from electricity.
   rPois:     It protects you from poison SInv: It lets you see invisible.
   rCorr:     It protects you from acid and corrosion.
 S - the ring of Leaves {+Blink rC+ Str+3 Int+6 Stlth-}
   (You found it on level 13 of the Dungeon)

   [ring of intelligence]

   Str+3:     It affects your strength (+3).
   Int+6:     It affects your intelligence (+6).
   rC+:       It protects you from cold.
   +Blink:    It lets you blink.
   Stlth-:    It makes you less stealthy.
 V - the ring "Zast" {rF+ Str+6}
   (You bought it in a shop in a bazaar)

   [ring of protection from fire]

   Str+6:     It affects your strength (+6).
   rF+:       It protects you from fire.
Wands
 D - a wand of digging (16)
   (You found it on level 3 of the Vaults)
 E - a wand of quicksilver (29)
   (You found it on level 6 of the Dungeon)
 L - a wand of iceblast (40)
   (You took it off an orc on level 8 of the Dungeon)
 Q - a wand of mindburst (17)
   (You found it on level 4 of the Lair of Beasts)
Scrolls
 j - 6 scrolls of revelation
 p - 6 scrolls of vulnerability
 t - 19 scrolls of teleportation
 u - 4 scrolls of immolation
 x - 5 scrolls of fear
 I - 12 scrolls of fog
 J - 5 scrolls of poison
 X - a scroll of torment
Potions
 d - 8 potions of might
 g - 4 potions of berserk rage
 h - 2 potions of haste
 l - 10 potions of attraction
 n - a potion of resistance
 q - 7 potions of curing
 s - 5 potions of invisibility
 B - a potion of lignification
 F - 2 potions of ambrosia
 H - 6 potions of mutation
 N - 6 potions of cancellation
 T - 13 potions of enlightenment
 U - 13 potions of brilliance
 W - a potion of magic
Miscellaneous
 f - a tin of tremorstones (2/2)
   (You found it on level 5 of the Lair of Beasts)
 M - a phial of floods
   (You bought it in a shop on level 6 of the Dungeon)


   Skills:
 - Level 24.0 Fighting
 - Level 18.0 Axes
 - Level 4.0 Ranged Weapons
 + Level 11.3 Throwing
 - Level 24.0 Armour
 - Level 12.9 Dodging
 - Level 1.1 Stealth
 - Level 20.0 Shields
 - Level 14.0 Invocations
 - Level 6.0 Evocations


You had 23 spell levels left.
You didn't know any spells.
Your spell library contained the following spells:

 Spells                   Type           Power      Damage    Failure   Level
 Apportation              Tloc           0%         N/A       38%         1
 Foxfire                  Conj/Fire      0%         2x1d4     38%         1
 Freeze                   Ice            0%         1d3       38%         1
 Magic Dart               Conj           0%         1d3       38%         1
 Necrotise                Necr           0%         1d4       38%         1
 Shock                    Conj/Air       0%         1d3       38%         1
 Sting                    Tmut/Pois      0%         1d3       38%         1
 Blink                    Tloc           0%         N/A       54%         2
 Cigotuvi's Dreadful Rot  Necr/Pois/Air  0%         N/A       54%         2
 Ensorcelled Hibernation  Hex/Ice        0%         N/A       54%         2
 Jinxbite                 Hex            0%         N/A       54%         2
 Lesser Beckoning         Tloc           0%         N/A       54%         2
 Passwall                 Tmut/Erth      0%         N/A       54%         2
 Poisonous Vapours        Pois/Air       0%         N/A       54%         2
 Searing Ray              Conj           0%         2d4       54%         2
 Static Discharge         Conj/Air       0%         2-2/arc   54%         2
 Sublimation of Blood     Necr           0%         N/A       54%         2
 Wereblood                Tmut           0%         N/A       54%         2
 Dazzling Flash           Conj/Hex       0%         N/A       77%         3
 Frozen Ramparts          Ice            0%         1d1       77%         3
 Gell's Gravitas          Tloc           0%         N/A       77%         3
 Hailstorm                Conj/Ice       0%         3d3       77%         3
 Ignite Poison            Fire/Tmut/Pois 0%         N/A       77%         3
 Mephitic Cloud           Conj/Pois/Air  0%         N/A       77%         3
 Ozocubu's Armour         Ice            0%         N/A       77%         3
 Sigil of Binding         Hex            0%         N/A       77%         3
 Swiftness                Air            0%         N/A       77%         3
 Teleport Other           Tloc           0%         N/A       77%         3
 Vampiric Draining        Necr           0%         2d6       77%         3
 Volatile Blastmotes      Fire/Tloc      0%         2d10      77%         3
 Airstrike                Air            0%         2d(0-16)  99%         4
 Anguish                  Hex/Necr       0%         N/A       99%         4
 Cause Fear               Hex            0%         N/A       99%         4
 Dimensional Bullseye     Hex/Tloc       0%         N/A       99%         4
 Dispel Undead            Necr           0%         3d6       99%         4
 Fulminant Prism          Conj/Hex       0%         3d5       99%         4
 Iskenderun's Mystic Bla  Conj/Tloc      0%         2d3       99%         4
 Leda's Liquefaction      Hex/Erth       0%         N/A       99%         4
 Manifold Assault         Tloc           0%         N/A       99%         4
 Olgreb's Toxic Radiance  Pois           0%         N/A       99%         4
 Passage of Golubria      Tloc           0%         N/A       99%         4
 Petrify                  Tmut/Erth      0%         N/A       99%         4
 Sticky Flame             Conj/Fire      0%         2d3       99%         4
 Agony                    Necr           0%         N/A       100%        5
 Alistair's Intoxication  Tmut/Pois      0%         N/A       100%        5
 Arcjolt                  Conj/Air       0%         1d10      100%        5
 Borgnjor's Vile Clutch   Necr/Erth      0%         N/A       100%        5
 Freezing Cloud           Conj/Ice/Air   0%         6-21      100%        5
 Irradiate                Conj/Tmut      0%         3d11      100%        5
 Metabolic Englaciation   Hex/Ice        0%         N/A       100%        5
 Silence                  Hex/Air        0%         N/A       100%        5
 Dispersal                Tloc           0%         N/A       100%        6
 Eringya's Noxious Bog    Tmut/Pois      0%         4d6       100%        6
 Plasma Beam              Fire/Air       0%         2x1d10    100%        6
 Starburst                Conj/Fire      0%         6d3       100%        6
 Enfeeble                 Hex            0%         N/A       100%        7
 Ozocubu's Refrigeration  Ice            0%         4d7       100%        7
 Disjunction              Tloc           0%         N/A       100%        8
 Lehudib's Crystal Spear  Conj/Erth      0%         10d2      100%        8
 Maxwell's Capacitive Co  Air            0%         ∞         100%        8
 Polar Vortex             Ice            0%         N/A       100%        9
 Summon Small Mammal      Summ           Unusable   N/A       N/A         1
 Tukima's Dance           Hex            Unusable   N/A       N/A         3
 Summon Ice Beast         Ice/Summ       Unusable   N/A       N/A         4
 Summon Lightning Spire   Summ/Air       Unusable   N/A       N/A         4
 Summon Mana Viper        Hex/Summ       Unusable   N/A       N/A         5
 Death Channel            Necr           Unusable   N/A       N/A         6
 Simulacrum               Ice/Necr       Unusable   N/A       N/A         6
 Malign Gateway           Summ/Tloc      Unusable   N/A       N/A         7
 Summon Hydra             Summ           Unusable   N/A       N/A         7

Dungeon Overview and Level Annotations

Branches:
Dungeon (15/15)            Temple (1/1) D:5            Lair (5/5) D:10
  Swamp (4/4) Lair:2       Spider (4/4) Lair:2        Slime (0/5) Lair:4
    Orc (2/2) D:12            Elf (0/3) Orc:2        Vaults (5/5) D:14
  Crypt (0/3) Vaults:2     Depths (4/4) D:15            Zot (5/5) Depths:4
  Sewer (visited)

Altars:
Ashenzari
Cheibriados
Dithmenos
Elyvilon
Fedhas
Gozag
Hepliaklqana
Kikubaaqudgha
Makhleb
Nemelex Xobeh
Okawaru
Qazlal
Ru
Sif Muna
Trog
Uskayaw
Vehumet
Wu Jian
Xom
Yredelemnul
Zin
The Shining One
Jiyva

Shops:
D:2 =   D:6 **   D:13 *   Orc:2 =(*   Vaults:2 *   Vaults:4 ((   Vaults:5 ([
Depths:1 *   Depths:3 *??[   Depths:4 [

Portals:
Hell: Depths:1 Depths:2 Depths:3 Depths:4
Abyss: D:4 Depths:3
Pandemonium: Depths:2 Depths:4
Ziggurat: Depths:2

Annotations:
D:4 2 transporters, axlr's ghost, amateur HOFi
D:10 1 runed translucent door, Xavier147's ghost, novice GrHu
D:15 Roxanne
Swamp:1 1 transporter, WhatIsLove's ghost, adept DjFE
Swamp:3 1 runed translucent door, pleonasm's ghost, adept OgBe
Depths:4 3 runed translucent doors, bmj180's ghost, veteran DrCj


Innate Abilities, Weirdness & Mutations

You are completely covered in rugged brown scales. (AC +3, +7% HP)
Armour fits poorly on your strangely shaped body.
You have a long armoured tail.
You roll when moving toward enemies. (Rampage)
Your long tongue fully drains potion bottles. (2x potion effects)
Your tongue gives you trouble enunciating. (1.5x scroll delay)
Your tail ends in a venomous barb.
Your body sometimes deteriorates upon taking damage.
You are frail. (-10% HP)
Your system is resistant to poisons. (rPois)
You have hidden genetic defects.


Message History

There is a stone staircase leading down here.
A Nosmolob and a small abomination come into view.
Unknown command.
Press: ? - help, v - describe, . - travel
Here: Nosmolob The floor.
You gain the combat prowess of a mighty hero.
You can no longer enter into single combat with a foe.
Okawaru will no longer gift you throwing weapons.
You can now deal lightning-fast blows.
Nosmolob gestures.
The golden eye turns its gaze towards you.
Nosmolob gestures.
Nosmolob flickers and vanishes for a moment.
You barely miss the golden eye.
Your tail-slap misses the golden eye.
Nosmolob gestures at you.
The bolt of fire hits the golden eye!!
The golden eye dies!
The golden eye disappears in a puff of smoke!
The bolt of fire hits you!! You resist.
Your body deteriorates!
You feel clumsy.
You roll towards the small abomination!
You cut the small abomination into ribbons!!!!
You destroy the small abomination!
Okawaru accepts your kill.
Nosmolob gestures.
The floating eye turns its gaze towards you. x2
Nosmolob hits you but does no damage.
You barely miss Nosmolob.
You tail-slap Nosmolob, but do no damage.
Nosmolob hits you!
The floating eye's stare focuses on you.
The floating eye seems to glare at you.
An Orb Guardian comes into view.
You carve Nosmolob like a ham!!! You tail-slap Nosmolob!
Nosmolob is moderately wounded.
You cut the floating eye into ribbons!!!
You kill the floating eye!
The floating eye disappears in a puff of smoke!
You block Nosmolob's attack.
You hit Nosmolob but do no damage.
You tail-slap Nosmolob, but do no damage.
Nosmolob is moderately wounded.
The floating eye gazes piercingly through you!
You suddenly lose the ability to move!
Nosmolob hits you but does no damage. Nosmolob gestures at you.
The bolt of fire hits you! You resist. Nosmolob hits you but does no damage.
The Orb Guardian hits you but does no damage.
The floating eye pulsates ominously.
Nosmolob gestures at you. The bolt of fire hits you! You resist.
The Orb Guardian hits you but does no damage.
Nosmolob hits you!! The floating eye's view fixates on you.
The Orb Guardian hits you but does no damage.
Nosmolob barely misses you.
The floating eye gazes piercingly through you!
You shrug off the repeated paralysis!
The Orb Guardian hits you but does no damage.
Nosmolob hits you!
You can move again.
You cut the floating eye into ribbons!!!
You kill the floating eye!
The floating eye disappears in a puff of smoke!
You open Nosmolob like a pillowcase!!! You barely miss the Orb Guardian.
You block the Orb Guardian's attack.
You carve Nosmolob like a ham!!!
You kill Nosmolob!
Okawaru accepts your kill.
You closely miss the Orb Guardian.
Your base Throwing skill increases to level 11!
You chop the Orb Guardian into pieces!!!
Your tail-slap misses the Orb Guardian.
The Orb Guardian is heavily wounded.
The Orb Guardian hits you!!
You open the Orb Guardian like a pillowcase!!!!
You kill the Orb Guardian!
Okawaru accepts your kill.
An Orb Guardian comes into view.
There is a stone staircase leading up here.
You climb upwards.
There is a stone staircase leading down here.
You feel better.
You slurp down every last drop of the potion of curing!
You feel like a meek peon again.
You feel better.
You slurp down every last drop of the potion of curing!
You feel better.
You slurp down every last drop of the potion of curing!
Magic restored.
HP restored.
There is a stone staircase leading up here.
You climb upwards.
Your hands slow down.
There is a stone staircase leading down here.
There is a staircase leading out of the dungeon here.
Unknown command.
Enter note: gg You have escaped!

.# #.......## #.#.#....[#
[##########.##.....###.#.#####.##
...).......##...#...##....####.##
#.######...#...###...#.#.......##
##.#####.###...# #...#.##.###....
##......###..#####..##..........
##.########...........#....##....
#.## #.........[.#.....#.... .##
#####.⌠...@...⌠.#........## ##
#...#...........#...##..###
#.###...........#.####..#
#######.######..#..###### ##..#
#.........[.###...##....###.#.#
.......>######.....##.#.......#
#.####..# ###......###.##### #.#
#..# ######## #.# #.# #..# #.#


There were no monsters in sight!

Vanquished Creatures
  2 dread liches
  Tiamat (Zot:1)
  Mara (Swamp:3)
  A juggernaut (Depths:2)
  Boris (twice) (Vaults:2 Arena)
  Josephina (Arena)
  A pandemonium lord (D:3)
  2 Killer Klowns
  Vv (Zot:1)
  Xtahua (Depths:3)
  the Lernaean hydra (Swamp:4)
  Bai Suzhen (Depths:2)
  6 curse toes
  A caustic shrike (Depths:3)
  Nikola (Vaults:1)
  9 golden dragons
  Jory (Vaults:5)
  A bone dragon (Depths:4)
  A Tzitzimitl (Depths:2)
  Arachne (Spider:3)
  2 electric golems
  A hellephant (D:15)
  An Ice Fiend (Arena)
  17 tentacled monstrosities
  Jorgrun (D:15)
  2 liches
  15 Orb Guardians
  2 walking frostbound tomes (Depths:2)
  5 quicksilver dragons
  2 titans
  5 acid blobs (Zot:3)
  5 death cobs
  An Executioner (D:9)
  Gastronok (D:9)
  A walking divine tome (Depths:3)
  11 sphinxes
  Donald (Orc:2)
  5 draconian monks
  A thorn hunter (Swamp:2)
  17 storm dragons
  4 tengu reavers
  4 shadow dragons
  A fenstrider witch (Swamp:2)
  3 draconian knights
  9 fire giants
  4 emperor scorpions
  19 vault wardens
  A balrug (Depths:3)
  2 deep elf sorcerers (Vaults:5)
  4 draconian scorchers
  Louise (Swamp:4)
  11 frost giants
  3 iron dragons (Depths:3)
  3 draconian shifters
  5 orc warlords
  3 draconian stormcallers
  A spriggan defender (Depths:3)
  7 ghost moths
  5 war gargoyles
  3 angels
  A broodmother (Spider:2)
  3 draconian annihilators
  23 ironbound preservers
  7 ironbound thunderhulks
  8 stone giants
  4 eleionomae
  18 very ugly things
  2 deep elf annihilators
  5 bunyips
  13 green draconians
  3 vampire knights (Depths:2)
  9 purple draconians
  10 red draconians
  13 dire elephants
  7 black draconians
  6 white draconians
  18 yellow draconians
  21 spark wasps
  An eidolon (Vaults:1)
  2 deep elf death magi (Vaults:5)
  7 ettins
  A green death (Depths:4)
  A crystal guardian (Vaults:3)
  4 entropy weavers
  6 rakshasas
  Fannar (D:12)
  9 fire dragons
  37 vault guards
  2 deep elf high priests (Vaults:5)
  4 great orbs of eyes
  A merfolk impaler (Depths:1)
  12 yaktaur captains
  2 shambling mangroves
  16 hydras
  5 spriggan air magi
  14 ice dragons
  4 ogre magi (Vaults:5)
  2 ghost crabs
  2 jorogumos
  A death knight (D:14)
  4 peacekeepers
  8 alligators
  A merfolk avatar (Lair:5)
  The ghost of Zituum the Thaumaturge, a journeyman DESu of Sif Muna (D:13)
  9 ironbound frosthearts
  10 centaur warriors
  8 boulder beetles
  12 death yaks
  6 two-headed ogres
  2 catoblepae (Lair:4)
  A radroach (Spider:4)
  6 death scarabs (Spider:4)
  7 deep troll shamans
  12 deep troll earth magi
  5 demonic crawlers
  7 spriggan berserkers
  2 vampire magi (Depths:1)
  3 tengu warriors
  24 hell knights
  2 orc high priests (Orc:2)
  Nergalle (Lair:2)
  A fire crab (Lair:4)
  6 iron trolls
  A sun demon (Depths:3)
  3 glowing orange brains
  15 skeletal warriors
  2 skysharks (Lair:4)
  6 pharaoh ants
  A sun moth (Spider:4)
  3 spriggan druids
  4 orb spiders (Spider:4)
  2 sea snakes
  3 flayed ghosts
  55 deep trolls
  13 swamp dragons
  2 goliath frogs
  13 steelbarb worms
  3 deep elf archers (Vaults:5)
  4 lindwurms
  2 necromancers (Vaults:5)
  5 bog bodies
  A spectral jorogumo (Spider:4)
  A lindwurm (shapeshifter) (Vaults:5)
  7 phantasmal warriors
  8 wizards
  7 harpies
  19 ironbound convokers
  12 orc knights
  2 deep elf pyromancers
  2 broodmother zombies (Spider:4)
  7 orc sorcerers
  A harpy (shapeshifter) (D:14)
  14 cyclopes
  5 oklob plants (Zot:3)
  4 manticores
  58 ugly things
  30 moths of wrath
  22 wolf spiders
  9 elephants
  3 will-o-the-wisps
  15 black mambas
  2 torpor snails (Spider:1)
  A smoke demon (Depths:3)
  A toenail golem (Depths:4)
  A hellion (Depths:4)
  A cane toad (shapeshifter) (D:12)
  19 vault sentinels
  Maggie (D:10)
  3 centaur zombies (D:15)
  2 orange demons
  2 gargoyles
  10 cane toads
  An unseen horror (D:11)
  3 rime drakes (Lair:5)
  A spectral redback (Spider:4)
  17 komodo dragons
  36 yaktaurs
  An ice devil (Depths:4)
  A tormentor (Depths:2)
  3 freezing wraiths
  4 tengu conjurers
  A red devil (Depths:4)
  3 golden dragon simulacra (Depths:4)
  A redback zombie (Spider:4)
  11 trolls
  3 hellwings
  A harpy zombie (D:15)
  3 spectral culicivoras (Spider:4)
  2 polar bears
  A tyrant leech (shapeshifter) (Depths:3)
  A meliai (shapeshifter) (D:15)
  11 hornets
  4 spectral tarantellas (Spider:4)
  25 tarantellas
  2 raiju (shapeshifter)
  9 tyrant leeches
  35 blink frogs
  An iron dragon simulacrum (Depths:4)
  A tarantella zombie (Spider:4)
  26 slime creatures
  A snapping turtle (Lair:5)
  20 jumping spiders
  21 culicivoras
  9 spriggans
  3 shadows
  A vampire (D:9)
  A spriggan (shapeshifter) (Vaults:5)
  5 wraiths
  7 wyverns
  A ynoxinul (D:14)
  3 basilisks
  18 yaks
  3 water elementals
  A chaos spawn (Depths:4)
  6 neqoxecs
  51 redbacks
  4 steam dragons
  9 vampire mosquitoes
  14 swamp worms
  8 wargs
  An acid dragon (shapeshifter) (Vaults:5)
  11 water moccasins
  A floating eye (Depths:1)
  An ice beast (shapeshifter) (Vaults:5)
  41 orc warriors
  5 swamp drakes
  2 black bears
  2 black bears (shapeshifter) (D:14)
  2 hornet zombies (D:15)
  9 ogres
  16 wolves
  7 centaurs
  2 kobold brigands
  12 bullfrogs
  A gnoll sergeant (D:7)
  5 wights
  A small abomination (D:3)
  6 howler monkeys
  3 quasits (D:13)
  A hound (D:5)
  2 gnoll boudas (D:6)
  31 jellies
  19 orc priests
  Jessica (D:2)
  3 iguanas
  4 hell rats
  19 orc wizards
  18 gnolls
  8 adders
  18 river rats
  A shadow imp (D:7)
  4 white imps
  2 ufetubi
  2 worms (D:3)
  2 dart slugs
  97 orcs
  8 ball pythons
  2 bat zombies (D:11)
  9 endoplasms
  2 giant cockroaches
  4 goblins
  6 hobgoblins
  6 quokkas
  7 bats
  6 frilled lizards (Sewer)
  15 kobolds
  18 rats
  5 rat zombies (D:11)
1917 creatures vanquished.

Vanquished Creatures (others)
  A tentacled monstrosity (Zot:1)
  A draconian knight (Zot:4)
  A tengu warrior (Depths:3)
  A yaktaur (Vaults:1)
  A bloated husk (Swamp:2)
  A warg (Vaults:5)
  A swamp worm (Swamp:2)
  A jelly (Zot:3)
  An orc wizard (D:6)
  8 foxfires
17 creatures vanquished.

Grand Total: 1934 creatures vanquished

Notes
Turn   | Place    | Note
-------+----------+-------------------------------------------
     0 | D:1      | Flugkiller the Armataur Hunter began the quest for the Orb.
     0 | D:1      | Reached XP level 1. HP: 18/18 MP: 1/1
    42 | D:1      | You fall into a shaft and drop 1 floor!
   261 | D:1      | Reached XP level 2. HP: 25/25 MP: 2/2
   688 | D:1      | Found a faded altar of an unknown god.
   884 | D:2      | Found Qejaquwk's Jewellery Emporium.
  1175 | D:2      | Noticed Jessica
  1178 | D:2      | Killed Jessica
  1179 | D:2      | Reached XP level 3. HP: 31/31 MP: 3/3
  1437 | D:3      | Found a burning altar of Makhleb.
  1445 | D:3      | Found a bloodstained altar of Trog.
  1535 | D:3      | Reached XP level 4. HP: 39/39 MP: 4/4
  2067 | D:4      | Reached XP level 5. HP: 48/48 MP: 5/5
  2186 | D:4      | Noticed a small abomination
  2367 | D:4      | Noticed an ogre
  2411 | D:4      | Killed an ogre
  2543 | D:4      | Found a one-way gate to the infinite horrors of the Abyss.
  2543 | D:4      | Noticed axlr's ghost (amateur HOFi)
  2555 | D:4      | Found a transporter.
  2582 | D:4      | Noticed a small abomination
  2605 | D:4      | Found a transporter.
  2630 | D:4      | Noticed an ogre
  2760 | D:4      | Found a glowing silver altar of Zin.
  3003 | D:5      | Entered Level 5 of the Dungeon
  3166 | D:5      | Reached XP level 6. HP: 31/55 MP: 6/6
  3295 | D:5      | Found a glowing drain.
  3356 | Sewer    | Entered a sewer
  4110 | D:5      | Identified the +1 scale mail "Zupn" {Dex+2}
  4146 | D:5      | Identified the +0 chain mail of Tortelloni {rCorr}
  4384 | D:5      | Reached XP level 7. HP: 59/63 MP: 7/7
  4504 | D:5      | Reached skill level 1 in Armour
  4689 | D:5      | Found a staircase to the Ecumenical Temple.
  4704 | Temple   | Entered the Ecumenical Temple
  4714 | Temple   | Became a worshipper of Warmaster Okawaru
  4937 | D:6      | Reached skill level 1 in Axes
  5067 | D:6      | Reached skill level 1 in Invocations
  5318 | D:6      | Found a runed translucent door.
  5422 | D:6      | Found Oplorph's General Store.
  5424 | D:6      | Found Unkef's Specific Store.
  5432 | D:6      | Bought a potion of mutation for 88 gold pieces
  5432 | D:6      | Bought a potion of might for 44 gold pieces
  5660 | D:6      | Reached skill level 5 in Fighting
  5660 | D:6      | Reached XP level 8. HP: 66/72 MP: 9/9
  6064 | D:6      | Reached * piety under Okawaru
  6333 | D:6      | Reached skill level 5 in Armour
  6622 | D:7      | Reached skill level 5 in Axes
  6635 | D:7      | Reached XP level 9. HP: 52/80 MP: 9/11
  6682 | D:7      | Noticed a two-headed ogre
  6690 | D:7      | Killed a two-headed ogre
  6690 | D:7      | Reached ** piety under Okawaru
  7360 | D:8      | Found a transporter.
  7889 | D:8      | Found a transporter.
  8411 | D:8      | Identified the +0 helmet of the Sun {rC+ Will+ Int+3
                  | Stlth-}
  8514 | D:9      | Reached *** piety under Okawaru
  8550 | D:9      | Noticed Gastronok
  8619 | D:9      | Noticed a troll
  8712 | D:9      | Noticed a two-headed ogre
  8778 | D:9      | Noticed a troll
  8799 | D:8      | Killed a troll
  8800 | D:8      | Reached XP level 10. HP: 42/94 MP: 12/12
  8983 | D:9      | Killed a two-headed ogre
  9017 | D:9      | Killed Gastronok
  9017 | D:9      | Reached **** piety under Okawaru
  9018 | D:9      | Reached skill level 10 in Axes
  9120 | D:9      | Found an opulent altar of Gozag.
  9132 | D:9      | Reached ***** piety under Okawaru
  9159 | D:9      | Found a stormy altar of Qazlal.
  9428 | D:9      | Found a glowing golden altar of the Shining One.
  9514 | D:9      | Reached skill level 5 in Invocations
  9537 | D:10     | Entered Level 10 of the Dungeon
  9542 | D:10     | Noticed Maggie
  9559 | D:10     | Killed Maggie
  9624 | D:10     | Reached XP level 11. HP: 59/101 MP: 14/14
  9687 | D:10     | Found a runed translucent door.
  9689 | D:10     | Noticed Xavier147's ghost (novice GrHu)
  9734 | D:10     | Found a snail-covered altar of Cheibriados.
  9842 | D:10     | Received a gift from Okawaru
  9983 | D:10     | Noticed a death yak
  9996 | D:10     | Noticed a death yak
 10021 | D:9      | Killed a death yak
 10022 | D:9      | Reached skill level 1 in Evocations
 10094 | D:10     | Noticed a death yak
 10163 | D:6      | Bought 5 curare-tipped darts for 66 gold pieces
 10469 | D:10     | Noticed a two-headed ogre
 10515 | D:10     | Killed a two-headed ogre
 10534 | D:10     | Found a shimmering blue altar of Sif Muna.
 10624 | D:10     | Found a staircase to the Lair.
 10682 | D:10     | Killed a death yak
 10705 | D:10     | Killed a death yak
 11167 | D:11     | Noticed a two-headed ogre
 11180 | D:11     | Killed a two-headed ogre
 11180 | D:11     | Received a gift from Okawaru
 11273 | D:11     | Noticed a two-headed ogre
 11308 | D:11     | Killed a two-headed ogre
 11309 | D:11     | Reached skill level 5 in Evocations
 11863 | D:11     | Found an ancient bone altar of Kikubaaqudgha.
 11930 | D:11     | Identified 2 scrolls of acquirement
 11930 | D:11     | Acquired a manual of Shields
 11932 | D:11     | Acquired a manual of Axes
 11988 | Lair:1   | Entered Level 1 of the Lair of Beasts
 12048 | Lair:1   | Noticed a death yak
 12049 | Lair:1   | Noticed a death yak
 12049 | Lair:1   | Noticed a death yak
 12050 | Lair:1   | Noticed a death yak
 12050 | Lair:1   | Noticed a death yak
 12075 | D:10     | Killed a death yak
 12076 | D:10     | Reached XP level 12. HP: 45/111 MP: 18/18
 12248 | Lair:1   | Received a gift from Okawaru
 12934 | Lair:1   | Killed a death yak
 12934 | Lair:1   | Received a gift from Okawaru
 12935 | Lair:1   | Reached skill level 10 in Invocations
 13019 | Lair:1   | Killed a death yak
 13020 | Lair:1   | Reached skill level 10 in Armour
 13027 | Lair:1   | Killed a death yak
 13029 | Lair:1   | Killed a death yak
 13119 | Lair:1   | Noticed a boulder beetle
 13133 | Lair:1   | Killed a boulder beetle
 13480 | Lair:2   | Reached skill level 10 in Fighting
 13611 | Lair:2   | Identified the +0 scale mail "Zoroub" {-Tele rCorr Int+2}
 13615 | Lair:2   | Received a gift from Okawaru
 13662 | Lair:2   | Noticed Nergalle
 14092 | Lair:2   | Reached XP level 13. HP: 44/117 MP: 20/20
 14162 | Lair:2   | Found a hole to the Spider Nest.
 14416 | Lair:2   | Found a staircase to the Swamp.
 14551 | Lair:2   | Received a gift from Okawaru
 15063 | D:2      | Bought the ring of Hutim {rElec rPois rC+ rCorr SInv} for
                  | 711 gold pieces
 16037 | Lair:3   | Identified the +4 spear "Osiff" {heavy, rElec}
 16079 | Lair:3   | Received a gift from Okawaru
 17105 | Lair:4   | Found a staircase to the Slime Pits.
 17105 | Lair:4   | Found a viscous altar of Jiyva.
 17587 | Lair:4   | Received a gift from Okawaru
 18189 | Lair:5   | Entered Level 5 of the Lair of Beasts
 18797 | Lair:4   | Reached ****** piety under Okawaru
 18893 | Lair:4   | Acquired a +2 broad axe of flaming
 18893 | Lair:4   | Received a gift from Okawaru
 18895 | Lair:4   | Acquired the +4 barding "Sees" {Int+2}
 18895 | Lair:4   | Received a gift from Okawaru
 18953 | Lair:4   | Reached XP level 14. HP: 52/138 MP: 21/21
 19029 | Lair:4   | Received a gift from Okawaru
 19712 | Lair:4   | Found a staircase to the Slime Pits.
 19721 | Lair:4   | Found a viscous altar of Jiyva.
 20566 | Lair:5   | Received a gift from Okawaru
 21089 | D:12     | Noticed Fannar
 21118 | D:12     | Killed Fannar
 21131 | D:12     | Found a stormy altar of Qazlal.
 21438 | D:12     | Noticed a frost giant
 21685 | D:12     | Killed a frost giant
 21685 | D:12     | Received a gift from Okawaru
 21686 | D:12     | Reached skill level 15 in Axes
 21894 | D:12     | Found a staircase to the Orcish Mines.
 22183 | D:12     | HP: 6/142 [deep elf annihilator/crystal spear (58)]
 22402 | D:12     | Got a levitating book
 22554 | D:13     | Found a transporter.
 22561 | D:13     | Reached XP level 15. HP: 143/148 MP: 22/22
 22562 | D:13     | Noticed Zituum's ghost (journeyman DESu)
 22596 | D:13     | Found a transporter.
 22602 | D:13     | Lost intelligence.
 22603 | D:13     | Gained mutation: You are dopey. (Int -2) [a neqoxec]
 22607 | D:13     | Killed Zituum's ghost
 22609 | D:13     | Gained mutation: You occasionally shout uncontrollably at
                  | your foes. [a neqoxec]
 22610 | D:13     | Gained mutation: You are very dopey. (Int -4) [a neqoxec]
 22614 | D:13     | Gained mutation: You occasionally lose the ability to read
                  | scrolls when taking damage. [a neqoxec]
 22618 | D:13     | Identified the ring of Leaves {+Blink rC+ Str+3 Int+6
                  | Stlth-}
 22640 | D:13     | Lost mutation: You are very dopey. (Int -4) [potion of
                  | mutation]
 22640 | D:13     | Lost mutation: You occasionally shout uncontrollably at
                  | your foes. [potion of mutation]
 22640 | D:13     | Lost mutation: You are dopey. (Int -2) [potion of mutation]
 22640 | D:13     | Lost mutation: You occasionally lose the ability to read
                  | scrolls when taking damage. [potion of mutation]
 22640 | D:13     | Gained mutation: Your muscles are strong. (Str +4, Int/Dex
                  | -1) [potion of mutation]
 22640 | D:13     | Lost mutation: Your muscles are strong. (Str +4, Int/Dex
                  | -1) [potion of mutation]
 22640 | D:13     | Gained mutation: Your muscles are strong. (Str +4, Int/Dex
                  | -1) [potion of mutation]
 22677 | D:13     | Found a blossoming altar of Fedhas.
 22944 | D:13     | Received a gift from Okawaru
 23209 | D:13     | Found Ynugir Nuim's General Store.
 23273 | D:14     | Found a gate to the Vaults.
 23546 | D:14     | Reached skill level 15 in Fighting
 23708 | D:14     | Reached skill level 1 in Shields
 23727 | D:14     | Received a gift from Okawaru
 23814 | D:14     | Reached skill level 5 in Shields
 24479 | D:15     | Entered Level 15 of the Dungeon
 24673 | D:15     | Reached skill level 10 in Shields
 24729 | D:15     | Received a gift from Okawaru
 24770 | D:15     | Found a staircase to the Depths.
 25142 | D:15     | Reached skill level 15 in Armour
 25153 | D:15     | Noticed Jorgrun
 25164 | Arena    | Entered the Arena
 25202 | D:15     | Killed Jorgrun
 25293 | D:15     | Noticed Roxanne
 25439 | D:15     | Received a gift from Okawaru
 25488 | D:15     | Reached XP level 16. HP: 136/159 MP: 23/23
 25575 | Orc:1    | Entered Level 1 of the Orcish Mines
 25774 | Orc:2    | Entered Level 2 of the Orcish Mines
 25775 | Orc:2    | Found Lofef's Antique Weapon Emporium.
 25883 | Orc:2    | Noticed Donald
 25894 | Orc:2    | Killed Donald
 25909 | Orc:2    | Found Nodip's Antique Armour Shop.
 26015 | Orc:2    | Found Ufficoaw's General Store.
 26035 | Orc:2    | Found a staircase to the Elven Halls.
 26292 | Orc:2    | Found Dyipa's Jewellery Emporium.
 26316 | Orc:2    | Received a gift from Okawaru
 26327 | Arena    | Entered the Arena
 26370 | Orc:2    | Noticed Sonja
 26395 | Orc:2    | Sonja changed into Sonja the water moccasin
 26395 | Orc:2    | Noticed Sonja
 26396 | Orc:2    | Killed Sonja the water moccasin
 26878 | Orc:1    | Found a radiant altar of Vehumet.
 27279 | Spider:1 | Entered Level 1 of the Spider Nest
 27333 | Spider:1 | Identified the +1 cloak "Cijytanu" {rF+}
 27980 | Spider:1 | Received a gift from Okawaru
 29589 | Spider:3 | Noticed Arachne
 29693 | Spider:3 | Received a gift from Okawaru
 29710 | Spider:3 | Killed Arachne
 29806 | Spider:3 | Reached skill level 15 in Shields
 30122 | Spider:4 | Entered Level 4 of the Spider Nest
 30467 | Spider:4 | Found the sphere of Battle
 30472 | Spider:4 | Received a gift from Okawaru
 30485 | Spider:4 | Reached XP level 17. HP: 161/171 MP: 24/24
 30497 | Arena    | Entered the Arena
 31523 | Spider:4 | Received a gift from Okawaru
 31961 | Spider:4 | Reached skill level 5 in Dodging
 32018 | Spider:4 | Got a gossamer rune of Zot
 32200 | Lair:2   | Killed Nergalle
 32316 | D:13     | Bought 2 potions of curing for 84 gold pieces
 32316 | D:13     | Bought 2 potions of curing for 84 gold pieces
 32316 | D:13     | Bought a +5 ring of evasion for 504 gold pieces
 32438 | Swamp:1  | Entered Level 1 of the Swamp
 32438 | Swamp:1  | Found a transporter.
 32494 | Swamp:1  | Identified the +7 orcbow of Keiqeiwk {drain, Contam Fly
                  | rPois rF+++}
 32706 | Swamp:1  | Noticed WhatIsLove's ghost (adept DjFE)
 32780 | Swamp:1  | Received a gift from Okawaru
 32944 | Arena    | Entered the Arena
 32976 | Swamp:2  | Paralysed by a fenstrider witch for 2 turns
 33595 | Swamp:3  | Reached XP level 18. HP: 180/181 MP: 25/25
 33817 | Swamp:3  | Received a gift from Okawaru
 34103 | Swamp:3  | Noticed Mara
 34118 | Swamp:3  | Noticed Flugkiller's illusion
 34132 | Swamp:3  | Killed Mara
 34138 | Swamp:3  | Found a runed translucent door.
 34140 | Swamp:3  | Noticed pleonasm's ghost (adept OgBe)
 34141 | Swamp:3  | Identified the +5 spear of Prudence {heavy, Will+ rCorr}
 34499 | Swamp:4  | Entered Level 4 of the Swamp
 34586 | Swamp:4  | Received a gift from Okawaru
 34637 | Swamp:4  | Noticed the 27-headed Lernaean hydra
 34650 | Swamp:4  | Killed the 22-headed Lernaean hydra
 34850 | Swamp:4  | Noticed Louise
 34867 | Swamp:4  | Killed Louise
 35159 | Swamp:4  | Got a decaying rune of Zot
 35620 | Vaults:1 | Entered Level 1 of the Vaults
 35646 | Vaults:1 | Received a gift from Okawaru
 35694 | Vaults:1 | Paralysed by a sphinx for 3 turns
 35714 | Vaults:1 | Noticed a lich
 35726 | Vaults:1 | Killed a lich
 36046 | Vaults:1 | Received a gift from Okawaru
 36154 | Vaults:1 | Noticed Nikola
 36157 | Arena    | Entered the Arena
 36190 | Vaults:1 | Killed Nikola
 36389 | Vaults:1 | Noticed a dread lich
 36416 | Vaults:1 | Killed a dread lich
 36417 | Vaults:1 | Reached XP level 19. HP: 106/191 MP: 19/26
 36503 | Vaults:1 | Got a whispering book
 37549 | Vaults:2 | Received a gift from Okawaru
 37572 | Vaults:2 | Identified the +6 scimitar of Modesty {vamp, MP+9 Str+2}
 37650 | Vaults:2 | Found Rudupup's Assorted Antiques.
 37700 | Vaults:2 | Noticed Boris
 37721 | Vaults:2 | Killed Boris
 37758 | Vaults:2 | Found a flickering gateway to a bazaar.
 37764 | Bazaar   | Entered a bazaar
 37765 | Bazaar   | Found Hebrotsidgh's Book Emporium.
 37765 | Bazaar   | Found Fuitiu Ycvo's Magic Scroll Emporium.
 37766 | Bazaar   | Found Xaryng's Jewellery Shop.
 37797 | Bazaar   | Found Fotoycseuja's Book Boutique.
 37817 | Bazaar   | Bought a scroll of enchant weapon for 120 gold pieces
 37817 | Bazaar   | Bought a scroll of enchant armour for 120 gold pieces
 37817 | Bazaar   | Bought a scroll of teleportation for 48 gold pieces
 37817 | Bazaar   | Bought a scroll of fear for 64 gold pieces
 37817 | Bazaar   | Bought a scroll of teleportation for 48 gold pieces
 37817 | Bazaar   | Bought a scroll of teleportation for 48 gold pieces
 37817 | Bazaar   | Bought a scroll of fog for 64 gold pieces
 37830 | Bazaar   | Bought the ring "Zast" {rF+ Str+6} for 446 gold pieces
 38031 | Vaults:2 | Found a staircase to the Crypt.
 38031 | Vaults:2 | Found an ancient bone altar of Kikubaaqudgha.
 38031 | Vaults:2 | Found a basalt altar of Yredelemnul.
 38073 | Vaults:2 | Received a gift from Okawaru
 39318 | Vaults:3 | Received a gift from Okawaru
 39501 | Vaults:3 | Reached XP level 20. HP: 148/205 MP: 27/27
 39718 | Vaults:3 | Received a gift from Okawaru
 40637 | Vaults:4 | Found Vosaiciurph's Weapon Boutique.
 40698 | Vaults:4 | Received a gift from Okawaru
 40841 | Vaults:4 | Identified the +4 shortbow "Hasulidd" {heavy, rC+ rN+ Str+2
                  | Int-5}
 40999 | Vaults:4 | Found Aliof's Weapon Emporium.
 41405 | Vaults:5 | Entered Level 5 of the Vaults
 41656 | Depths:1 | Entered Level 1 of the Depths
 41976 | Depths:1 | Found a snail-covered altar of Cheibriados.
 42010 | Depths:1 | Received a gift from Okawaru
 42034 | Depths:1 | Paralysed by a floating eye for 2 turns
 42066 | Depths:1 | Found Xeog's Fire Supplies.
 42411 | Depths:1 | Reached XP level 21. HP: 215/215 MP: 30/30
 42808 | Depths:1 | Found a glowing golden altar of the Shining One.
 42905 | Depths:1 | Received a gift from Okawaru
 42910 | Depths:1 | Found a gateway to Hell.
 43012 | Depths:2 | Found a one-way gateway to a ziggurat.
 43016 | Depths:2 | Noticed Boris
 43031 | Arena    | Entered the Arena
 43044 | Arena    | Killed Boris
 43433 | Depths:2 | Found a one-way gate leading to the halls of Pandemonium.
 43547 | Depths:2 | Noticed Bai Suzhen
 43572 | Depths:2 | Killed Bai Suzhen
 43572 | Depths:2 | Received a gift from Okawaru
 44019 | Depths:2 | Noticed a juggernaut
 44031 | Depths:2 | Killed a juggernaut
 44123 | Depths:2 | Noticed a golden dragon
 44130 | Depths:2 | Killed a golden dragon
 44162 | Depths:2 | Identified the +4 chain mail of Death Resistance {rC+ rN+
                  | Regen+}
 44283 | Depths:3 | Received a gift from Okawaru
 44312 | Depths:3 | Noticed Xtahua
 44331 | Depths:3 | Killed Xtahua
 44402 | Depths:3 | Found Qafos's Magic Scroll Shop.
 44403 | Depths:3 | Found Poxor Nepui's Antique Armour Boutique.
 44403 | Depths:3 | Found Kaeluch's Assorted Antiques.
 44417 | Depths:3 | Found Waut's Magic Scroll Boutique.
 44425 | Depths:3 | Bought a scroll of blinking for 180 gold pieces
 44425 | Depths:3 | Bought a scroll of enchant weapon for 180 gold pieces
 44431 | Depths:3 | Bought a scroll of enchant weapon for 142 gold pieces
 44434 | Depths:3 | Bought a potion of mutation for 192 gold pieces
 44434 | Depths:3 | Bought a potion of might for 96 gold pieces
 44434 | Depths:3 | Bought a scroll of teleportation for 72 gold pieces
 44599 | Depths:3 | Found a runed translucent door.
 44662 | Depths:3 | Noticed a golden dragon
 44680 | Depths:3 | Killed a golden dragon
 44717 | Depths:3 | Identified the ring "Feuck" {rF+ rN+ Str+6 Int+2}
 44724 | Depths:3 | Received a gift from Okawaru
 44729 | Depths:3 | Noticed a caustic shrike
 44751 | Depths:3 | Killed a caustic shrike
 44979 | Depths:3 | Reached XP level 22. HP: 212/225 MP: 32/32
 45525 | Depths:3 | Got a dusty book
 45604 | Depths:4 | Entered Level 4 of the Depths
 45604 | Depths:4 | Noticed a dread lich
 45604 | Depths:4 | Found a runed translucent gate.
 45604 | Depths:4 | Found a runed translucent gate.
 45604 | Depths:4 | Found a runed translucent gate.
 45614 | Depths:4 | Noticed bmj180's ghost (veteran DrCj)
 45622 | Depths:4 | Acquired 861 gold pieces
 45668 | Depths:4 | Received a gift from Okawaru
 45784 | Depths:4 | Noticed a golden dragon
 45786 | Depths:4 | Identified the ring "Uneduc" {Ice Int+4 Dex-4 SInv}
 45786 | Depths:4 | Noticed Josephina
 45794 | Arena    | Entered the Arena
 45799 | Arena    | Killed Josephina
 45928 | Depths:4 | Killed a golden dragon
 45997 | Depths:4 | Found a shadowy altar of Dithmenos.
 46099 | Depths:4 | Found Tyilydof's Armour Shop.
 46220 | Depths:4 | Received a gift from Okawaru
 46721 | Depths:4 | Found a gate to the Realm of Zot.
 46837 | Depths:3 | Bought the +6 lightning scales {swift, rElec} for 1742 gold
                  | pieces
 46837 | Depths:3 | Found the +6 lightning scales {swift, rElec}
 46837 | Depths:3 | Bought a crude plate armour for 728 gold pieces
 46837 | Depths:3 | Identified the +1 plate armour of the Candlemaker {Drain
                  | rC+ rN+ Stlth+} (You bought it in a shop on level 3 of the
                  | Depths)
 47090 | D:6      | Bought a phial of floods for 440 gold pieces
 47483 | Vaults:5 | Received a gift from Okawaru
 47563 | Vaults:5 | Identified the +1 robe of Soud {rElec}
 47650 | Vaults:5 | Identified the +3 rapier "Eqifagan" {heavy, rPois rF+
                  | Int+2}
 47724 | Vaults:5 | Identified the +7 broad axe of Tumult {heavy, Str+4 Int+3}
 48023 | Vaults:5 | Found Ytethuom's Weapon Emporium.
 48030 | Vaults:5 | Received a gift from Okawaru
 48189 | Vaults:5 | Noticed a dread lich
 48197 | Vaults:5 | Reached XP level 23. HP: 232/233 MP: 30/33
 48205 | Arena    | Entered the Arena
 48209 | Arena    | Killed a dread lich
 48309 | Vaults:5 | Got a silver rune of Zot
 48349 | Vaults:5 | Got a black book
 48371 | Vaults:5 | Identified the staff "Serajikoh" {rF+ rN+ Fire}
 48382 | Vaults:5 | Noticed Jory
 48397 | Vaults:5 | Identified the +2 quarterstaff "Qixusm" {flame, rElec rF+
                  | rN+ Int-3}
 48420 | Vaults:5 | Killed Jory
 48423 | Vaults:5 | Received a gift from Okawaru
 48545 | Vaults:5 | Identified the +2 cloak of the Great Game {Will++ Str-5
                  | Int+9 Slay-4}
 48651 | Vaults:5 | Found Oreufur's Armour Shoppe.
 48851 | Vaults:5 | Identified the +1 broad axe of the Equinox {drain, Dex+3}
 49324 | Zot:1    | Entered Level 1 of the Realm of Zot
 49325 | Zot:1    | Noticed a curse toe
 49334 | Arena    | Entered the Arena
 49352 | Depths:4 | Killed a curse toe
 49656 | Zot:1    | Got a black book
 49816 | Zot:1    | Received a gift from Okawaru
 50122 | Zot:2    | Found the +4 dragonskin cloak
 50122 | Zot:2    | Noticed Tiamat
 50140 | Zot:2    | Noticed Vv
 50216 | Zot:1    | Killed Vv
 50276 | Zot:1    | Killed Tiamat
 50468 | Zot:2    | Noticed a Killer Klown
 50490 | Zot:2    | Killed a Killer Klown
 50546 | Zot:2    | Noticed a curse toe
 50566 | Zot:2    | Killed a curse toe
 50681 | Zot:2    | Received a gift from Okawaru
 50963 | Zot:2    | Identified the +7 short sword of Iwol {flame, rPois Will+
                  | Str-4}
 51307 | Zot:3    | Reached XP level 24. HP: 203/254 MP: 33/33
 51342 | Zot:3    | Reached skill level 10 in Dodging
 51407 | Zot:3    | Received a gift from Okawaru
 51919 | Zot:3    | You fall into a shaft and drop 1 floor!
 52315 | Zot:4    | Received a gift from Okawaru
 52577 | Zot:4    | Noticed a Killer Klown
 52599 | Zot:4    | Killed a Killer Klown
 53152 | Zot:4    | Received a gift from Okawaru
 53368 | Zot:5    | Entered Level 5 of the Realm of Zot
 53614 | Zot:5    | Reached skill level 1 in Throwing
 53933 | Zot:5    | Reached skill level 5 in Throwing
 54042 | Zot:5    | Noticed an orb of fire
 54042 | Zot:5    | Noticed a Killer Klown
 54042 | Zot:5    | Noticed an orb of fire
 54042 | Zot:5    | Noticed a Killer Klown
 54042 | Zot:5    | Noticed an ancient lich
 54046 | Zot:5    | Gained mutation: Your body sometimes deteriorates upon
                  | taking damage. [an orb of fire]
 54048 | Zot:5    | Gained mutation: Your tail ends in a venomous barb. [an orb
                  | of fire]
 54057 | Zot:5    | Noticed a Killer Klown
 54063 | Zot:5    | Noticed an orb of fire
 54063 | Zot:5    | Noticed an orb of fire
 54066 | Arena    | Entered the Arena
 54086 | Zot:5    | Got the Orb of Zot
 54089 | Zot:5    | Gained mutation: You have hidden genetic defects. [an orb
                  | of fire]
 54089 | Zot:5    | Gained mutation: Your system is resistant to poisons.
                  | (rPois) [an orb of fire]
 54093 | Zot:5    | Noticed a dread lich
 54095 | Arena    | Entered the Arena
 54122 | Zot:5    | Noticed a Killer Klown
 54123 | Zot:5    | Noticed an ancient lich
 54131 | Zot:5    | Noticed an ancient lich
 54137 | Zot:5    | Noticed an orb of fire
 54150 | Zot:5    | Noticed an orb of fire
 54153 | Zot:5    | Noticed an ancient lich
 54159 | Arena    | Entered the Arena
 54172 | Arena    | Gained mutation: Your body often deteriorates upon taking
                  | damage. [mutagenic glow]
 54190 | Zot:5    | Lost mutation: Your muscles are strong. (Str +4, Int/Dex
                  | -1) [mutagenic glow]
 54210 | Zot:4    | Lost mutation: Your body often deteriorates upon taking
                  | damage. [mutagenic glow]
 54259 | Zot:1    | Gained mutation: You are frail. (-10% HP) [mutagenic glow]
 54336 | Depths:4 | Reached skill level 10 in Throwing
 54614 | D:4      | Noticed Raaplot the pandemonium lord
 54620 | D:4      | Noticed a seraph
 54630 | D:3      | Noticed Nosmolob the pandemonium lord
 54638 | D:3      | Paralysed by a floating eye for 4 turns
 54644 | D:3      | Killed Nosmolob the pandemonium lord
 54722 | D:1      | gg
 54723 | D:$      | Escaped with the Orb!

Illustrated notes

.# #.......## #.#.#....[#
[##########.##.....###.#.#####.##
...).......##...#...##....####.##
#.######...#...###...#.#.......##
##.#####.###...# #...#.##.###....
##......###..#####..##..........
##.########...........#....##....
#.## #.........[.#.....#.... .##
#####.⌠...@...⌠.#........## ##
#...#...........#...##..###
#.###...........#.####..#
#######.######..#..###### ##..#
#.........[.###...##....###.#.#
.......>######.....##.#.......#
#.####..# ###......###.##### #.#
#..# ######## #.# #.# #..# #.#


Turn 54722 on D:1: gg

Levels and vault maps discovered:
D:1:      dpeg_arrival_arbitrary_c, layout_loops_ring,
          nicolae_ecumenical_lake_church
D:2:      layout_loops_ring, serial_shops, shop, uniq_jessica
D:3:      layout_loops_ring, grunt_temple_overflow_open
D:4:      layout_basic, lemuel_doored_altar, gammafunk_ghost_abyssal_escape,
          nicolae_figureground_pulse
D:5:      layout_gridville, minmay_temple_entry_fiery, portal_sewer_entry_c,
          fountainhead, minmay_manual_mail
D:6:      layout_loops_ring, nicolae_benzene_ring, nicolae_specific_store,
          dreamdust_mushroom_princess, minmay_misc_feat_alley,
          lightli_church_of_beogh
D:7:      layout_gridville
D:8:      gammafunk_beogh_shrine, layout_basic, serial_curves, eino_curves_02,
          eino_curves_02, special_room [special_room_orc], kennysheep_potato
D:9:      layout_rooms, general_overflow_altar,
          nicolae_gozag_cash_rules_everything_around_me,
          mainiacjoe_overflow_24_doors, chequers_garden, uniq_gastronok
D:10:     layout_long_grid, led_sif_pool, mainiacjoe_overflow_catwalk,
          dpeg_lair_monsters, gammafunk_ghost_grave, uniq_maggie
D:11:     layout_roguey, hangedman_abyss_or_decor_stabs,
          lemuel_zombie_altar_kikubaaqudgha
D:12:     minmay_tile_spiral, layout_cross, amethyst_killhole,
          nicolae_qazlal_style_of_elements, uniq_fannar
D:13:     layout_loops_ring, serial_shops, nicolae_shop_hallway_plus,
          gammafunk_ghost_stat_death, fedhas_altar_1
D:14:     layout_small_grid, lightli_vaults_fourway_checkpoint,
          minmay_misc_feat_secret_circle
D:15:     grunt_enter_depths_hoard, layout_rooms, serial_undead,
          serial_undead_d, serial_undead_f, serial_undead_c, serial_undead_a,
          uniq_jorgrun, uniq_roxanne
Temple:   compressed_dpeg_circular_temple
Lair:1:   layout_chaotic_city, minivault_23, nzn_sisyphean_effort
Lair:2:   layout_small_grid, minmay_swamp_entry_swarm,
          nicolae_spider_entry_lesser_pyramids, cheibrodos_lair_reptile_den,
          grunt_megastairs_3, uniq_nergalle
Lair:3:   layout_cave_shapes, minivault_26, kennysheep_rathole
Lair:4:   layout_cellular_growth, nicolae_slime_entry_field_trip,
          kennysheep_catoblepas_arena
Lair:5:   gammafunk_lair_ancient_temple, layout_misc_corridors,
          small_statue_intersection, grunt_megastairs_1
Swamp:1:  layout_basic_swamp, gammafunk_ghost_mausoleum,
          evilmike_swamp_ruin_rubble_1, swamp_pool1, nicolae_swamp_some_circles
Swamp:2:  layout_basic_swamp, evilmike_swamp_ruin_house_1, swamp_pool5
Swamp:3:  nicolae_swamp_long_stream, layout_falls_marsh,
          ebering_ghost_funeral_grove, evilmike_swamp_ruin_rubble_2, uniq_mara
Swamp:4:  swamp_old_school, layout_basic_swamp, uniq_louise
Spider:1: nicolae_spider_obnoxious_hallway
Spider:2: layout_chambers
Spider:3: layout_spider_delve, uniq_arachne
Spider:4: floodkiller_spider_rune_tomb, nicolae_arachne_temple
Orc:1:    layout_diamond_mine, basic_altar
Orc:2:    grunt_orc_gardens, layout_caves, grunt_orc_garden, grunt_orc_garden,
          grunt_orc_garden, grunt_orc_garden, uniq_donald, uniq_sonja
Vaults:1: nicolae_vaults_storage_closets_1, nicolae_vaults_turnstiles,
          v_misc_24, nicolae_vaults_you_can_take_it_with_you,
          nicolae_vaults_stepped_doors, vaults_room_pools,
          hangedman_vaults_stretched_pinwheel, nicolae_vaults_double_plus_1,
          nicolae_vaults_rhombus_6, nicolae_vaults_circle_grid_b,
          nicolae_vaults_closet_pinwheel_1, nicolae_vaults_double_plus_1,
          v_alt_pattern_2, layout_vaults_omnicross, uniq_nikola
Vaults:2: minmay_crypt_entry_necro_gods, ontoclasm_vaults_fault,
          nicolae_vaults_diamond_1, hangedman_vaults_nails,
          nicolae_vaults_doubleplus_tesselated, nicolae_vaults_little_squares_4,
          nicolae_vaults_network_periphery, nicolae_vaults_spaceships,
          vaults_mumra_chevron_long, nicolae_vaults_weapon_check,
          st_spiral_rooms, nicolae_vaults_circle_grid_a, grunt_vaults_diagonal,
          nicolae_vaults_closet_pinwheel_6, v_misc_15,
          nicolae_vaults_little_squares_3, layout_vaults_maze, serial_shops,
          bzr_entry_safe, nicolae_shop_trees, uniq_boris
Vaults:3: nicolae_vaults_offset_grid_hallway_1,
          vaults_mumra_minichess_inversion, nicolae_vaults_tetromino_L_1,
          vaults_standard_mumra_lines, nicolae_vaults_little_squares_2,
          v_misc_5, nicolae_vaults_trapezoid_2, nicolae_vaults_trapezoid_3,
          nicolae_vaults_two_Ls, layout_vaults_omnigrid
Vaults:4: v_pattern_2, nicolae_vaults_an_arrangement,
          nicolae_vaults_storage_room_glass, vaults_room_fours,
          nicolae_vaults_wine_cellar, nicolae_vaults_little_squares_6,
          hangedman_vaults_capsules, nicolae_vaults_tetromino_Z_2,
          nicolae_vaults_yaktaur_gun_rack,
          nicolae_vaults_taking_the_gang_shopping, layout_vaults_big_room,
          serial_shops, shop
Vaults:5: uniq_jory
Depths:1: wander_protected_by_tso, layout_gridlike, hell_entry,
          cheibriados_altar_1, chequers_serial_rivers_marsh, grunt_ministairs_1,
          chequers_serial_rivers_small_3, nicolae_shop_fire_sale
          [nicolae_sub_dead_trees], hangedman_decor_clover_reticule,
          kennysheep_generic_room_7
Depths:2: minmay_two_paths, layout_cave_pools, enter_ziggurat_d,
          rand_demon_pan_entry_7, pf_hell_entry_tar_spiral,
          minmay_staircase_statues, uniq_bai_suzhen
Depths:3: minmay_the_grid_triangle_9x9_rhombus_thin
          [minmay_the_grid_triangle_9x9_negative_grid,
          minmay_the_grid_triangle_9x9_prize_center,
          minmay_the_grid_triangle_9x9_sprig,
          minmay_the_grid_triangle_9x9_subtriangle], layout_gridlike,
          abyss_entry, serial_glass, glass_columns_a, glass_columns_c,
          lightli_too_deep, minmay_statues_item, minmay_shoptagon,
          infiniplex_staircase_split_hallway, uniq_xtahua
Depths:4: grunt_zot_entry_gee_three, layout_cave_pools, hell_entry,
          nicolae_dithmenos_shadow_blocks, serial_shops,
          nicolae_shop_tiny_glass, gammafunk_ghost_necromancy,
          rand_demon_pan_entry_4, chequers_serial_rivers_small_3,
          feat_on_display, serial_bayou_shore_b, uniq_josephina, uniq_margery
Zot:1:    layout_gridlike
Zot:2:    layout_gridville, lemuel_elevator, uniq_tiamat, uniq_vv
Zot:3:    lemuel_acid_trip, layout_concentric_octagons, st_stairs_2
Zot:4:    layout_gridlike
Zot:5:    layout_basic

Skill      XL: |  1  2  3  4  5  6  7  8  9 10 11 12 13 14 15 16 17 18 19 20 21 22 23 24 |
---------------+-------------------------------------------------------------------------+-----
Ranged Weapons | 3 4 |  4.0
Fighting       | 2 3 4 5 6 7 8 9 11 13 14 15 16 17 18 19 20 21 24 | 24.0
Dodging        | 2 4 5 8 9 12 | 12.9
Armour         | 3 5 8 9 11 14 15 16 18 20 23 24 | 24.0
Axes           | 2 5 8 10 11 12 14 15 16 17 18 | 18.0
Invocations    | 2 3 5 8 10 13 14 | 14.0
Evocations     | 6 |  6.0
Shields        | 11 15 17 20 | 20.0
Throwing       | 11 | 11.3
Stealth        | |  1.1

Action                     |  1- 3 |  4- 6 |  7- 9 | 10-12 | 13-15 | 16-18 | 19-21 | 22-24 || total
---------------------------+-------+-------+-------+-------+-------+-------+-------+-------++-------
  Melee: Short sword       |       |    10 |       |       |       |       |       |       ||    10
         Trident           |       |     9 |   405 |   727 |   544 |       |       |       ||  1685
         Tailslap          |       |     3 |    51 |   131 |   256 |   325 |   372 |   320 ||  1458
         Punch             |       |     1 |     4 |     7 |    22 |       |       |       ||    34
         Broad axe         |       |       |       |       |   781 |  1619 |  1593 |  1336 ||  5329
   Fire: Shortbow          |    78 |   214 |       |       |       |       |       |       ||   292
  Throw: Dart              |       |       |       |    21 |    12 |     4 |       |       ||    37
         Throwing net      |       |       |       |       |     3 |       |       |       ||     3
 Invoke: Heroism           |       |       |     3 |     4 |    11 |    13 |     4 |    13 ||    48
         Finesse           |       |       |       |     1 |     1 |     3 |     2 |     5 ||    12
         Receive Weapon    |       |       |       |       |     1 |       |       |       ||     1
         Receive Armour    |       |       |       |       |     1 |       |       |       ||     1
         Duel              |       |       |       |       |     1 |     4 |     1 |     6 ||    12
  Evoke: Wand              |       |       |     1 |     7 |    22 |     3 |     1 |       ||    34
         Tin of tremorston |       |       |       |       |     2 |       |       |       ||     2
    Use: Scroll            |     1 |     5 |     9 |    10 |     9 |    12 |     6 |    13 ||    65
         Potion            |       |     4 |     1 |     5 |     6 |     9 |     2 |    28 ||    55
   Stab: Sleeping          |       |       |     3 |       |       |       |       |       ||     3
         Confused          |       |       |       |     1 |       |       |       |       ||     1
         Petrified         |       |       |       |       |     5 |       |       |       ||     5
         Held in net/web   |       |       |       |       |       |     1 |       |       ||     1
         Distracted        |       |       |       |       |       |       |       |     2 ||     2
         Invisible         |       |       |       |       |       |       |       |     1 ||     1
 Armour: Leather armour    |    12 |   112 |    27 |       |       |       |       |       ||   151
         Scale mail        |       |       |   277 |   429 |       |       |       |       ||   706
         Plate armour      |       |       |       |   174 |  1561 |  1420 |  1004 |       ||  4159
         Skin              |       |       |       |       |     4 |       |       |       ||     4
         Chain mail        |       |       |       |       |       |       |   181 |  1613 ||  1794
  Dodge: Dodged            |    10 |    72 |   190 |   314 |   397 |   442 |   486 |   477 ||  2388
  Block: Kite shield       |       |       |       |       |    66 |  1130 |   969 |  1022 ||  3187
         Reflection        |       |       |       |       |       |    25 |    33 |       ||    58

Table legend: (Time is in decaauts)
 A = Elapsed time spent in this place.
 B = Non-inter-level travel time spent in this place.
 C = Inter-level travel time spent in this place.
 D = Time resting spent in this place.
 E = Time spent auto-exploring this place.
 F = Levels seen in this place.
 G = Mean time per level.
                   A        B        C        D        E       F      G
               +--------+--------+--------+--------+--------+-----+--------+
         Total |  53412 |  47703 |   5709 |   8482 |  24786 |  59 |  905.3 |
       Dungeon |  17359 |  14947 |   2412 |   2396 |   8316 |  15 | 1157.3 |
        Temple |     31 |     14 |     17 |      0 |      0 |   1 |   31.0 |
          Lair |   9150 |   8043 |   1107 |   2063 |   3455 |   5 | 1830.0 |
         Swamp |   3069 |   2790 |    279 |     78 |   1997 |   4 |  767.2 |
   Spider Nest |   4715 |   4516 |    199 |   1177 |   1958 |   4 | 1178.8 |
  Orcish Mines |   1383 |   1236 |    147 |    116 |    730 |   2 |  691.5 |
        Vaults |   6920 |   6211 |    709 |    646 |   3529 |   5 | 1384.0 |
        Depths |   5273 |   4849 |    424 |    979 |   2427 |   4 | 1318.2 |
           Zot |   4454 |   4041 |    413 |    638 |   2137 |   5 |  890.8 |
        Bazaar |     84 |     84 |      0 |      0 |     37 |   1 |   84.0 |
         Sewer |    743 |    743 |      0 |    372 |    199 |   1 |  743.0 |
         Arena |    226 |    226 |      0 |     15 |      0 |  12 |   18.8 |
               +--------+--------+--------+--------+--------+-----+--------+

Top non-repeatable levels by time:
  Lair:4: 3021 daAuts
  Lair:2: 1894 daAuts
Spider:4: 1708 daAuts
  Lair:1: 1708 daAuts
     D:8: 1650 daAuts
    D:10: 1630 daAuts
Vaults:1: 1553 daAuts
  Lair:3: 1549 daAuts
    D:12: 1479 daAuts
Depths:3: 1465 daAuts
Depths:1: 1429 daAuts
Vaults:5: 1414 daAuts
Vaults:2: 1407 daAuts
     D:5: 1394 daAuts
    D:14: 1380 daAuts
